 Dungeon Sprint DCSS version 0.17-a0-1450-g7e755d1 (webtiles) character file.

2188 pulse the Bludgeoner (level 9, -4/54 HPs)
             Began as a Gargoyle Fighter on June 30, 2015.
             Was an Elder of Trog.
             Slain by a six-headed hydra (10 damage)
             ... in the Dungeon (Sprint IX: "|||||||||||||||||||||||||||||").
             The game lasted 00:03:11 (1007 turns).

pulse the Bludgeoner (Gargoyle Fighter)             Turns: 1007, Time: 00:03:11

Health: -4/54      AC: 19    Str: 22    XL:     9   Next: 33%
Magic:  11/11      EV:  6    Int:  9    God:    Trog [****..]
Gold:   0          SH: 10    Dex: 13    Spells: 0 memorised, 8 levels left

rFire  . . .     SeeInvis .     a - +0 flail
rCold  . . .     Clarity  .     r - +1 chain mail
rNeg   + . .     SustAt   .     c - +0 shield
rPois  ∞         Gourm    .     (no helmet)
rElec  +         Spirit   .     q - +0 cloak
rCorr  .         Warding  .     (no gloves)
rMut   .         NoTele   +     (no boots)
MR     .....                    (no amulet)
Stlth  ..........               t - +2 ring of protection
                                s - +3 ring of dexterity

@: not resistant to hostile enchantments, extremely unstealthy
A: negative energy resistance 1, electricity resistance, unbreathing,
petrification resistance, rot immunity, AC +5
a: Burn Spellbooks, Berserk, Trog's Hand, Brothers in Arms, Renounce Religion


You were in the Dungeon.
You worshipped Trog.
Trog was greatly pleased with you.
You were hungry.

You visited 1 branch

Inventory:

Hand weapons
 a - a +0 flail (weapon)
 o - a +2 dire flail of crushing
Armour
 c - a +0 shield (worn)
 q - a +0 cloak (worn)
 r - a +1 chain mail (worn)
Magical staves
 p - an uncursed staff of energy
Jewellery
 s - a +3 ring of dexterity (left hand)
 t - a +2 ring of protection (right hand)
Magical devices
 n - a wand of fire (0)
Scrolls
 d - a scroll of identify
 k - 3 scrolls of blinking
 m - 4 scrolls of remove curse
 u - a scroll of fear
 v - 4 scrolls of enchant armour
Potions
 b - a potion of agility
 f - 8 potions of curing
 g - 3 potions of heal wounds
 h - 2 potions of haste
 i - 4 potions of magic
 j - a potion of berserk rage
 l - a potion of invisibility
Comestibles
 e - a bread ration


   Skills:
 - Level 5.4 Fighting
 * Level 17.5 Maces & Flails
 - Level 5.5 Armour
 - Level 1.4 Dodging
 - Level 0.2 Stealth
 - Level 6.0 Shields
 + Level 3.9 Evocations


You had 8 spell levels left.
You didn't know any spells.

Dungeon Overview and Level Annotations

Branches:
Dungeon (1/1)

Altars:
Cheibriados
Dithmenos
Elyvilon
Fedhas
Gozag
Kikubaaqudgha
Makhleb
Nemelex Xobeh
Okawaru
Qazlal
Ru
Sif Muna
Trog
Vehumet
Xom
Yredelemnul
Zin
The Shining One
Beogh
Jiyva
Lugonu


Innate Abilities, Weirdness & Mutations

You are resistant to torment.
Your stone body is resilient (AC +5).
You are immune to poison.
You resist negative energy.
You are resistant to electric shocks.
You can survive without breathing.
You are immune to petrification.
You are immune to rotting.


Message History

The blink frog blinks!
Unknown command.
You closely miss the blink frog.
The blink frog is almost dead.
You block the six-headed hydra's attack.
The six-headed hydra bites you but does no damage.
The six-headed hydra barely misses you. The six-headed hydra bites you.
* * * LOW HITPOINT WARNING * * *
You block the six-headed hydra's attack.
The six-headed hydra closely misses you.
The blink frog hits you.
* * * LOW HITPOINT WARNING * * *
The blink frog blinks!
Unknown command.
You hit the blink frog.
You kill the blink frog!
Trog accepts your kill.
The six-headed hydra bites you but does no damage. x4
The six-headed hydra bites you!
You die...

▓▓▓▓▓▓▓▓▓▓▓▓▓▓▓▓▓▓▓▓▓▓▓▓
..'......(......@DHtrS..
▓▓▓▓▓▓▓▓▓▓▓▓▓▓▓▓▓▓▓▓▓▓▓▓▓▓▓▓▓▓▓▓▓
.................................
▓▓▓▓▓▓▓▓▓▓▓▓▓▓▓▓▓▓▓▓▓▓▓▓▓▓▓▓▓▓▓▓▓
÷)....÷.....'____________________
▓▓▓▓▓▓▓▓▓▓▓▓▓▓▓▓▓▓▓▓▓▓▓▓▓▓▓▓▓▓▓▓▓


You could see a six-headed hydra, a hippogriff, a water moccasin, a crocodile
and a porcupine.

Vanquished Creatures
  A centaur warrior (D)
  A kobold demonologist (D)
  A troll (D)
  A deep elf mage (D)
  A blink frog (D)
  A yak (D)
  A water moccasin (D)
  An orc warrior (D)
  A porcupine (D)
  An eye of draining (D)
  A phantom (D)
  An ogre (D)
  A giant frog (D)
  3 crimson imps (D)
  An adder zombie (D)
  An orc (D)
  A giant cockroach (D)
  A giant gecko skeleton (D)
  2 goblins (D)
  3 kobolds (D)
  A rat (D)
26 creatures vanquished.

Notes
Turn   | Place    | Note
--------------------------------------------------------------
     0 | D        | pulse the Gargoyle Fighter began the quest for the Orb.
     0 | D        | Reached XP level 1. HP: 14/14 MP: 1/1
   191 | D        | Noticed a crimson imp
   191 | D        | Noticed a crimson imp
   193 | D        | Reached skill level 4 in Fighting
   213 | D        | Killed a crimson imp
   213 | D        | Reached skill level 5 in Armour
   213 | D        | Reached skill level 5 in Shields
   213 | D        | Reached XP level 2. HP: 15/20 MP: 2/2
   213 | D        | Reached XP level 3. HP: 18/25 MP: 3/3
   230 | D        | Reached skill level 5 in Fighting
   278 | D        | Killed a crimson imp
   278 | D        | Reached skill level 1 in Dodging
   278 | D        | Reached skill level 6 in Shields
   278 | D        | Reached XP level 4. HP: 15/31 MP: 4/4
   421 | D        | Found a glowing silver altar of Zin.
   421 | D        | Found a glowing golden altar of the Shining One.
   421 | D        | Found an ancient bone altar of Kikubaaqudgha.
   421 | D        | Found a basalt altar of Yredelemnul.
   421 | D        | Found a shimmering altar of Xom.
   421 | D        | Found a radiant altar of Vehumet.
   422 | D        | Found an iron altar of Okawaru.
   423 | D        | Found a burning altar of Makhleb.
   424 | D        | Found a deep blue altar of Sif Muna.
   425 | D        | Found a bloodstained altar of Trog.
   426 | D        | Found a sparkling altar of Nemelex Xobeh.
   427 | D        | Found a white marble altar of Elyvilon.
   428 | D        | Found a roughly hewn altar of Beogh.
   429 | D        | Found a viscous altar of Jiyva.
   430 | D        | Found a corrupted altar of Lugonu.
   431 | D        | Found a blossoming altar of Fedhas.
   432 | D        | Found a snail-covered altar of Cheibriados.
   433 | D        | Found a shadowy altar of Dithmenos.
   434 | D        | Found a stormy altar of Qazlal.
   435 | D        | Found an opulent altar of Gozag.
   436 | D        | Found a sacrificial altar of Ru.
   451 | D        | Became a worshipper of Trog the Wrathful
   503 | D        | Noticed a phantom
   503 | D        | Noticed a yak
   503 | D        | Noticed a crimson imp
   503 | D        | Noticed an orc warrior
   503 | D        | Noticed a troll
   507 | D        | Killed a phantom
   507 | D        | Reached skill level 7 in Maces & Flails
   507 | D        | Reached skill level 1 in Evocations
   507 | D        | Reached XP level 5. HP: 32/35 MP: 5/5
   513 | D        | Killed a yak
   513 | D        | Reached skill level 10 in Maces & Flails
   513 | D        | Reached XP level 6. HP: 32/40 MP: 5/7
   522 | D        | Killed a crimson imp
   522 | D        | Acquired Trog's first power
   534 | D        | Killed an orc warrior
   534 | D        | Reached skill level 11 in Maces & Flails
   563 | D        | Killed a troll
   563 | D        | Acquired Trog's second power
   563 | D        | Reached skill level 13 in Maces & Flails
   563 | D        | Reached XP level 7. HP: 4/44 MP: 8/8
   850 | D        | Noticed a kobold demonologist
   850 | D        | Noticed a centaur warrior
   850 | D        | Noticed an eye of draining
   850 | D        | Noticed an ogre
   850 | D        | Noticed a deep elf mage
   853 | D        | Killed a centaur warrior
   853 | D        | Reached skill level 15 in Maces & Flails
   853 | D        | Reached XP level 8. HP: 50/50 MP: 8/10
   854 | D        | Killed an eye of draining
   858 | D        | Killed a kobold demonologist
   858 | D        | Reached skill level 16 in Maces & Flails
   861 | D        | Killed an ogre
   867 | D        | Killed a deep elf mage
   867 | D        | Received a gift from Trog
   867 | D        | Reached XP level 9. HP: 44/54 MP: 9/11
   990 | D        | Noticed a water moccasin
   990 | D        | Noticed a giant frog
   990 | D        | Noticed a porcupine
   990 | D        | Noticed a blink frog
   990 | D        | Noticed a hippogriff
   990 | D        | Noticed a six-headed hydra
   992 | D        | Killed a porcupine
   992 | D        | Acquired Trog's third power
   993 | D        | Killed a giant frog
   993 | D        | Reached skill level 17 in Maces & Flails
   994 | D        | Noticed a crocodile
   995 | D        | Noticed a porcupine
   997 | D        | Killed a water moccasin
   998 | D        | Noticed a water moccasin
  1007 | D        | Killed a blink frog
  1007 | D        | Slain by a six-headed hydra

Vault maps used:
D:        linesprint

Action                   |  1- 3 |  4- 6 |  7- 9 || total
-------------------------+-------+-------+-------++-------
Melee: Flail             |    81 |    55 |    26 ||   162
Evoke: Wand              |       |     2 |     5 ||     7
  Use: Potion            |       |     2 |     1 ||     3
